 Dungeon Crawl Stone Soup version 0.22-a0-389-g8519d86 (webtiles) character file.

3652 Falco the Grappler (level 9, 0/70 HPs)
             Began as a Black Draconian Transmuter on Apr 30, 2018.
             Was a Follower of Fedhas.
             Killed from afar by Erica (24 damage)
             ... with an orb of energy
             ... on level 8 of the Dungeon on May 1, 2018.
             The game lasted 01:16:39 (7331 turns).

Falco the Grappler (Black Draconian Transmuter)     Turns: 7331, Time: 01:16:42

Health: 0/70       AC: 10    Str: 14    XL:     9   Next: 88%
Magic:  8/17       EV: 14    Int: 15    God:    Fedhas [*.....]
Gold:   43         SH:  0    Dex: 12    Spells: 1/19 levels left

rFire    . . .     SeeInvis .     - Unarmed
rCold    . . .     Gourm    .   (no shield)
rNeg     . . .     Faith    .   (armour unavailable)
rPois    .         Spirit   .   (helmet restricted)
rElec    +         Reflect  .   (no cloak)
rCorr    +         Harm     .   A - +2 pair of gloves
MR       .....                  (no boots)
Stlth    +++.......             h - amulet of regeneration
HPRegen  0.61/turn              c - ring of resist corrosion
MPRegen  0.15/turn              (no ring)

@: no status effects
A: breathe lightning, unfitting armour, electricity resistance, cold-blooded, AC
+7
a: Breathe Lightning, Fungal Bloom, Evolution, Renounce Religion


You were on level 8 of the Dungeon.
You worshipped Fedhas.
Fedhas was aware of your devotion.
You were not hungry.

You visited 2 branches of the dungeon, and saw 9 of its levels.
You also visited: Sewer.

You collected 340 gold pieces.
You spent 297 gold pieces at shops.

Inventory:

Hand Weapons
 s - a +2 dagger of pain
Missiles
 i - 12 javelins (quivered)
 y - 54 arrows
Armour
 A - a +2 pair of gloves (worn)
 B - a +2 buckler
Jewellery
 c - a ring of resist corrosion (left hand)
 h - an amulet of regeneration (around neck)
Wands
 r - a wand of disintegration (13)
 w - a wand of random effects (28)
Scrolls
 a - 2 scrolls of remove curse {unknown}
 b - 4 scrolls of teleportation
 l - a scroll of noise {unknown}
 m - a scroll of enchant armour {unknown}
 p - a scroll of amnesia {unknown}
 q - 2 scrolls of enchant weapon {unknown}
 u - 2 scrolls of fog {unknown}
 v - a scroll of magic mapping {unknown}
 z - a scroll of fear
Potions
 d - a potion of haste {unknown}
 e - 3 potions of curing
 f - a potion of berserk rage
 g - 2 potions of heal wounds
 j - 2 potions of lignification {unknown}
 k - 2 potions of flight {unknown}
 n - a potion of brilliance {unknown}
 o - a potion of degeneration {unknown}
 t - 2 potions of might {unknown}
 x - a potion of cancellation {unknown}


   Skills:
 + Level 3.3 Fighting
 + Level 1.0 Throwing
 + Level 5.0 Dodging
 + Level 4.5 Stealth
 + Level 9.0 Unarmed Combat
 + Level 5.6 Spellcasting
 + Level 0.8 Hexes
 + Level 1.0 Summonings
 + Level 5.3 Transmutations
 + Level 2.4 Poison Magic


You had one spell level left.
You knew the following spells:

 Your Spells              Type           Power        Failure   Level  Hunger
a - Beastly Appendage     Tmut           ###...       1%          1    None
b - Sticks to Snakes      Tmut           ###.....     2%          2    #......
c - Spider Form           Tmut/Pois      ###.......   10%         3    ###....
d - Ice Form              Ice/Tmut       ##......     45%         4    ####...
e - Blade Hands           Tmut           ###.......   43%         5    ######.
f - Confusing Touch       Hex            #.....       11%         1    None
g - Summon Small Mammal   Summ           #...         10%         1    None
h - Apportation           Tloc           #.....       16%         1    None


Dungeon Overview and Level Annotations

Branches:
Dungeon (8/15)             Temple (1/1) D:4
   Lair: D:8-11

Altars:
Ashenzari
Cheibriados
Dithmenos
Elyvilon
Fedhas
Gozag
Hepliaklqana
Kikubaaqudgha
Makhleb
Okawaru
Qazlal
Ru
Uskayaw
Wu Jian
Xom
Yredelemnul
Zin
Lugonu

Shops:
D:6 [   D:7 *

Annotations:
D:8 Erica, Grum


Innate Abilities, Weirdness & Mutations

You can breathe wild blasts of lightning.
Your glossy black scales are hard. (AC +7)
You cannot fit into any form of body armour.
You are resistant to electric shocks. (rElec)
You are cold-blooded and may be slowed by cold attacks.


Message History

You strike the helpless wolf from behind!
You punch the wolf!
You kill the wolf!
Your Unarmed Combat skill increases to level 9!
The bullfrog hits your wandering mushroom!
The bullfrog hits your wandering mushroom.
The ogre completely misses the plant.
Your wandering mushroom releases spores at the bullfrog!
The bullfrog dies!
Your life force feels restored.
Erica casts a spell at you.
The orb of energy hits your wandering mushroom.
Your wandering mushroom is destroyed!
You feel a little guilty.
You can no longer call sunshine.
The orb of energy explodes!
The mystic blast hits the fungus.
The fungus is destroyed!
The mystic blast hits you!
You die...
Fedhas appreciates your contribution to the ecosystem.

...# #.. .... ..... #..
s...# #.#. ##.
....$#########...######.
.............##.......#.
..PcP.P......##...P.P...
...P.P.P.r...+....._....
..Ph.F†.P....#.#..P.P...
.P.PhPf@.PO..#+#........
PgP####.f@..............
#P.P.........####+
#..P.P.......#
#P..P............
.PPP.P.PP........###
P................#
..P.PP.............#
.P...............#.#


You could see Erica, Grum, an ogre, 2 wolves, a bullfrog, a centaur, a scorpion,
2 friendly wandering mushrooms and a friendly rat.

Vanquished Creatures
  A hippogriff (D:7)
  Sigmund (D:4)
  A hungry ghost (D:4)
  Eustachio (D:4)
  An ice beast (D:6)
  A sky beast (D:6)
  A black bear (D:8)
  3 ogres
  A wolf (D:8)
  3 centaurs (D:6)
  5 big kobolds
  7 killer bees (D:7)
  4 wights (D:8)
  2 howler monkeys
  A bullfrog zombie (D:6)
  2 centaur zombies (D:7)
  4 crimson imps
  A jelly (D:6)
  2 bullfrog skeletons
  An orc priest (D:4)
  A gnoll shaman (D:6)
  A centaur skeleton (D:6)
  3 orc wizards
  Natasha (D:2)
  4 worker ants
  6 gnolls (D:6)
  2 river rats (Sewer)
  8 adders
  A shadow imp (D:5)
  9 oozes
  An adder skeleton (D:4)
  5 worms
  3 dart slugs
  4 leopard geckos
  16 orcs
  4 ball pythons
  7 bats
  6 giant cockroaches
  5 goblins
  5 hobgoblins
  2 jackals (D:6)
  A quokka (D:8)
  2 frilled lizards (D:2)
  A jackal zombie (D:8)
  14 kobolds
  A leopard gecko skeleton (D:4)
  6 rats
162 creatures vanquished.

Vanquished Creatures (collateral kills)
  A bullfrog (D:8)
  A crimson imp (D:6)
  Jessica (D:2)
  Natasha (twice) (D:2)
  An adder (D:2)
  2 bats (D:2)
  A frilled lizard (D:2)
9 creatures vanquished.

Vanquished Creatures (others)
  A wandering mushroom (D:8)
  2 fungi (D:8)
  3 plants (D:8)
  70 toadstools
76 creatures vanquished.

Grand Total: 247 creatures vanquished

Notes
Turn   | Place    | Note
-------+----------+-------------------------------------------
     0 | D:1      | Falco the Draconian Transmuter began the quest for the Orb.
     0 | D:1      | Reached XP level 1. HP: 16/16 MP: 3/3
   323 | D:1      | Reached XP level 2. HP: 14/23 MP: 5/5
   330 | D:1      | Learned a level 2 spell: Sticks to Snakes
   952 | D:2      | Noticed a howler monkey
   960 | D:2      | Noticed Natasha
   962 | D:2      | Killed a howler monkey
   962 | D:2      | Reached XP level 3. HP: 12/28 MP: 5/7
   976 | D:2      | Killed Natasha
   976 | D:2      | Reached XP level 4. HP: 17/35 MP: 1/8
   985 | D:2      | Noticed Jessica
   995 | D:2      | Killed Jessica
  1190 | D:2      | Noticed Natasha
  1199 | D:2      | Killed Natasha
  1303 | D:2      | Noticed Natasha
  1313 | D:2      | Killed Natasha
  1313 | D:2      | Reached skill level 4 in Unarmed Combat
  1313 | D:2      | Reached XP level 5. HP: 35/40 MP: 1/9
  1504 | D:3      | Learned a level 3 spell: Spider Form
  1509 | D:3      | Learned a level 4 spell: Ice Form
  2218 | D:4      | Reached skill level 1 in Stealth
  2377 | D:4      | Found a hide-covered altar of Uskayaw.
  2592 | D:4      | Reached XP level 6. HP: 40/48 MP: 8/10
  2814 | D:4      | Noticed Sigmund
  2817 | D:4      | Noticed a hungry ghost
  2825 | D:4      | Killed Sigmund
  2825 | D:4      | Reached skill level 5 in Unarmed Combat
  2848 | D:4      | Killed a hungry ghost
  2848 | D:4      | Your scales start taking on a glossy black colour.
  2848 | D:4      | Reached XP level 7. HP: 54/55 MP: 10/12
  2848 | D:4      | Gained mutation: You are resistant to electric shocks. (rElec) [Black Draconian growth]
  2927 | D:4      | Found an opulent altar of Gozag.
  3184 | D:4      | Noticed Eustachio
  3203 | D:4      | Killed Eustachio
  3236 | D:4      | Found a staircase to the Ecumenical Temple.
  3273 | Temple   | Entered the Ecumenical Temple
  3306 | Temple   | Became a worshipper of Fedhas Madash
  3646 | D:5      | Entered Level 5 of the Dungeon
  4305 | D:6      | Found an ornate altar of the Wu Jian Council.
  4309 | D:6      | Reached skill level 6 in Unarmed Combat
  4309 | D:6      | Reached skill level 1 in Poison Magic
  4388 | D:6      | Reached XP level 8. HP: 62/62 MP: 10/13
  4780 | D:6      | Found a snail-covered altar of Cheibriados.
  4798 | D:6      | Found Jihum's Armour Emporium.
  4849 | D:6      | Found a glowing drain.
  4854 | Sewer    | Entered a sewer
  5389 | Sewer    | Reached skill level 7 in Unarmed Combat
  5485 | D:6      | Reached * piety under Fedhas
  5800 | D:6      | Reached XP level 9. HP: 65/68 MP: 9/15
  5861 | D:6      | Learned a level 5 spell: Blade Hands
  5863 | D:6      | Learned a level 1 spell: Confusing Touch
  5865 | D:6      | Learned a level 1 spell: Summon Small Mammal
  5872 | D:6      | Reached skill level 8 in Unarmed Combat
  5893 | D:6      | Found a stormy altar of Qazlal.
  6223 | D:7      | Found Kaynuqex's Assorted Antiques.
  6380 | D:7      | Reached ** piety under Fedhas
  6410 | D:7      | HP: 2/68 [killer bee (10)]
  6422 | D:7      | Reached skill level 5 in Spellcasting
  6513 | D:7      | Learned a level 1 spell: Apportation
  6562 | D:7      | Bought a scroll of identify for 54 gold pieces
  6562 | D:7      | Bought a potion of heal wounds for 135 gold pieces
  6562 | D:7      | Bought a scroll of teleportation for 81 gold pieces
  6562 | D:7      | Bought a scroll labeled FEYGEU AQOTHIA for 27 gold pieces
  6645 | D:7      | Reached skill level 5 in Transmutations
  6924 | D:7      | Reached skill level 1 in Throwing
  7028 | D:7      | Reached skill level 1 in Summonings
  7150 | D:8      | Found a glowing silver altar of Zin.
  7164 | D:8      | Found an iron altar of Okawaru.
  7223 | D:8      | Reached skill level 5 in Dodging
  7296 | D:8      | Noticed Erica
  7301 | D:8      | Found a basalt altar of Yredelemnul.
  7331 | D:8      | Noticed Grum
  7331 | D:8      | Reached skill level 9 in Unarmed Combat
  7331 | D:8      | Killed from afar by Erica

Vault maps used:
D:1:      minmay_arrival_widening_spiral_wide, minmay_split_cup_small
D:2:      kennysheep_another_room, uniq_natasha, uniq_jessica
D:3:      first_ration, kennysheep_generic_room_8
D:4:      nicolae_overflow_hidden_temple, lemuel_doored_altar,
          minmay_temple_entry_poolview, uniq_sigmund, uniq_eustachio
D:6:      kennysheep_slug_shrine, lemuel_coloured_pillars_altar,
          lemuel_round_altar, portal_sewer_entry_e, serial_shops, shop,
          interstate_on_off, hangedman_decor_opposing
D:7:      serial_shops, nicolae_shop_stone
D:8:      kennysheep_little_box, okawaru_trees_1, old_standard_altar,
          chequers_temple_overflow_minitemple, yredelemnul_altar_generic,
          grunt_lair_entry_orc_guard_hut, uniq_prince_ribbit1, uniq_erica,
          uniq_psyche, uniq_grum
Temple:   corrupted_temple
Sewer:    sewer_co_tree

Skill      XL: |  1  2  3  4  5  6  7  8  9 |
---------------+----------------------------+-----
Dodging        | 2 3 5 |  5.0
Spellcasting   | 3 4 5 |  5.6
Unarmed Combat | 4 5 6 7 9 |  9.0
Transmutations | 3 4 5 |  5.3
Stealth        | 1 2 3 4 |  4.5
Fighting       | 2 3 |  3.3
Poison Magic   | 1 2 |  2.4
Throwing       | 1 |  1.0
Summonings     | 1 |  1.0
Hexes          | |  0.8

Action                   |  1- 3 |  4- 6 |  7- 9 || total
-------------------------+-------+-------+-------++-------
Melee: Unarmed           |    48 |   218 |   433 ||   699
       Tailslap          |     6 |    19 |    41 ||    66
       Kick              |     3 |     5 |    31 ||    39
       Punch             |     1 |     3 |     5 ||     9
       Headbutt          |       |     8 |    12 ||    20
Throw: Javelin           |       |     3 |    14 ||    17
 Cast: Beastly Appendage |     3 |    14 |    33 ||    50
       Sticks to Snakes  |     6 |     6 |    13 ||    25
       Spider Form       |       |     3 |    18 ||    21
       Summon Small Mamm |       |       |     5 ||     5
       Confusing Touch   |       |       |     4 ||     4
Invok: Fungal Bloom      |       |       |    24 ||    24
       Evolution         |       |       |     3 ||     3
 Abil: Breathe Lightning |       |       |     8 ||     8
  Use: Scroll            |       |     5 |     4 ||     9
       Potion            |       |       |     6 ||     6
 Stab: Sleeping          |       |     5 |     4 ||     9
       Confused          |       |       |     1 ||     1
  Eat: Ration            |     1 |     3 |     6 ||    10
Armor: Skin              |    19 |    47 |    91 ||   157
Dodge: Dodged            |    31 |   127 |   335 ||   493

Table legend:
 A = Spawn XP
 B = Non-spawn XP
 C = Spawn XP percentage of total XP
 D = Spawn monster count
 E = Non-spawn monster count
 F = Spawn count percentage of total count
 G = Total turns spent on level
                    A         B        C        D         E        F      G
               +---------+---------+-------+---------+---------+-------+---------
         Total |       0 |    5218 |   0.0 |       0 |     171 |   0.0 |  7331
               +---------+---------+-------+---------+---------+-------+---------
           D:1 |       0 |      31 |   0.0 |       0 |      13 |   0.0 |   951
           D:2 |       0 |     206 |   0.0 |       0 |      23 |   0.0 |   545
           D:3 |       0 |      46 |   0.0 |       0 |      16 |   0.0 |   705
           D:4 |       0 |     912 |   0.0 |       0 |      17 |   0.0 |  1395
           D:5 |       0 |      63 |   0.0 |       0 |       4 |   0.0 |   645
           D:6 |       0 |    1253 |   0.0 |       0 |      35 |   0.0 |  1284
           D:7 |       0 |    1701 |   0.0 |       0 |      26 |   0.0 |   944
           D:8 |       0 |     507 |   0.0 |       0 |       9 |   0.0 |   181
         Sewer |       0 |     499 |   0.0 |       0 |      28 |   0.0 |   631
               +---------+---------+-------+---------+---------+-------+---------
